AoeStats
← Lumeh

Arena

509857229Analyzed
4v4 RM · 5d ago on Sep 28, 2026· 35m 34s· 8 players
Game mode
Random Map
Map size
Large (8 player)
Population
200
Speed
Normal
Resources
Standard
Victory
Conquest
Starting age
Dark Age
Ending age
Imperial Age
RankedLock teamsTeams togetherTeam positionsShared explorationLock speedFull tech treeHidden civsTurbo modeCheats
Victory
Defeat
🇦🇺 Burgundians · Australia
1159
+13
🇦🇺 Celts · Australia
1117
+14
🇦🇺 Bohemians · Australia
1081
+16
🇦🇺 Japanese · Australia
1076
+16
🇯🇵 Saxons · Japan
1131
-16
🇹🇼 Byzantines · Taiwan
1080
-15
🇹🇼 Bohemians · Taiwan
1075
-15
🇹🇼 Khmer · Taiwan
1043
-13
Dongyin Empire
10:00 Feudal Age
15:36 Castle Age
14:19 Double-Bit Axe
14:51 Horse Collar
18:09 Bow Saw
20:56 Wheelbarrow
22:35 Hand Cart
22:06 Loom
25:54 Heavy Plow
25:46 Gold Mining
25:48 Stone Mining
30:07 Imperial Age
28:10 Scale Barding Armor
28:17 Forging
28:20 Treadmill Crane
28:38 Murder Holes
29:40 Chain Barding Armor
31:44 Plate Barding Armor
31:44 Iron Casting
32:18 Chemistry
31:34 Husbandry
34:17 Logistica
deankuo
13:12 Feudal Age
16:27 Castle Age
14:42 Double-Bit Axe
14:56 Horse Collar
17:24 Bow Saw
17:38 Heavy Plow
22:10 Fervor
25:09 Bloodlines
25:00 Husbandry
25:07 Scale Barding Armor
27:21 Loom
28:12 Wheelbarrow
31:31 Chain Barding Armor
31:22 Forging
33:40 Gold Mining
33:41 Stone Mining
37:35 Imperial Age
OuO
4:22 Loom
11:03 Feudal Age
12:29 Wheelbarrow
12:33 Horse Collar
12:39 Double-Bit Axe
18:51 Castle Age
19:54 Bow Saw
19:46 Heavy Plow
28:16 Imperial Age
27:01 Ballistics
27:50 Chemistry
28:12 Ballistics
28:10 Fletching
28:24 Padded Archer Armor
30:06 Conscription
34:31 Bodkin Arrow
34:53 Leather Archer Armor
纸火
9:43 Feudal Age
13:38 Castle Age
13:22 Double-Bit Axe
13:18 Horse Collar
13:29 Gold Mining
13:51 Loom
15:06 Town Watch
18:54 Bow Saw
19:08 Heavy Plow
20:38 Wheelbarrow
Lumeh
11:01 Feudal Age
12:17 Double-Bit Axe
15:16 Castle Age
13:15 Horse Collar
17:09 Wheelbarrow
17:07 Bow Saw
19:03 Fervor
20:01 Loom
21:22 Heavy Plow
21:16 Crossbowman
23:53 Hand Cart
24:25 Ballistics
28:56 Imperial Age
28:08 Chemistry
27:33 Fletching
27:43 Padded Archer Armor
29:11 Sanctity
29:27 Fortified Wall
29:09 Houfnice
29:12 Arbalester
30:08 Bodkin Arrow
31:15 Bracer
31:31 Leather Archer Armor
34:24 Ring Archer Armor
33:54 Town Watch
34:40 Siege Engineers
lamp
3:04 Double-Bit Axe
10:30 Feudal Age
14:10 Castle Age
12:37 Bow Saw
12:41 Horse Collar
13:22 Heavy Plow
19:39 Wheelbarrow
19:27 Gold Mining
21:32 Hand Cart
21:56 Scale Barding Armor
21:57 Cavalier
22:49 Husbandry
23:27 Gold Shaft Mining
23:53 Scale Mail Armor
24:05 Forging
24:34 Scale Mail Armor
25:32 Chain Barding Armor
27:08 Iron Casting
30:08 Imperial Age
28:33 Stone Mining
30:13 Paladin
30:55 Scale Mail Armor
31:32 Plate Barding Armor
31:43 Stone Shaft Mining
33:54 Crop Rotation
34:27 Two-Man Saw
34:57 Town Watch
Nick
11:45 Feudal Age
16:09 Castle Age
14:19 Double-Bit Axe
15:00 Gold Mining
21:37 Bow Saw
21:16 Loom
26:11 Gold Shaft Mining
26:53 Wheelbarrow
26:42 Horse Collar
28:58 Stone Mining
30:10 Scale Mail Armor
31:58 Forging
32:04 Chain Mail Armor
31:56 Squires
32:33 Pikeman
34:37 Hand Cart
johnnychallitasteam1995
11:38 Feudal Age
12:04 Double-Bit Axe
18:17 Castle Age
16:25 Gold Mining
21:24 Scale Mail Armor
30:29 Pikeman
35:48 Imperial Age
Connection lost

Rejoining the realm…

Still unreachable

The connection could not be restored.

Session expired

The server has moved on; the page needs a fresh start.